 Dungeon Crawl Stone Soup version 0.22.1-6-g1668fe2c40 (webtiles) character file.

1610 cyphergrl the Cleaver (level 8, -1/61 HPs)
             Began as a Demonspawn Gladiator on Jan 23, 2019.
             Was a Believer of Makhleb.
             Slain by an unseen horror (6 damage)
             ... on level 9 of the Dungeon.
             The game lasted 00:18:00 (3573 turns).

cyphergrl the Cleaver (Demonspawn Gladiator)        Turns: 3573, Time: 00:18:01

Health: -1/61      AC:  7    Str: 16 (17) XL:     8   Next: 63%
Magic:  8/8        EV: 16    Int:  9      God:    Makhleb [**....]
Gold:   131        SH:  0    Dex: 14 (15) Spells: 7/7 levels left

rFire    . . .     SeeInvis .   a - +0 war axe
rCold    . . .     Gourm    .   (no shield)
rNeg     . . .     Faith    .   b - +2 leather armour
rPois    .         Spirit   .   c - +1 helmet
rElec    .         Reflect  .   (no cloak)
rCorr    .         Harm     .   (no gloves)
MR       .....                  (no boots)
Stlth    +.........             (no amulet)
HPRegen  0.20/turn              (no ring)
MPRegen  0.11/turn              (no ring)

@: no status effects
A: claws 2, hooves 1, repulsion field 1, powered by pain 1, spiny 1, evolution 1
a: Minor Destruction, Renounce Religion


You were on level 9 of the Dungeon.
You worshipped Makhleb.
Makhleb was pleased with you.
You were not hungry.

You visited 2 branches of the dungeon, and saw 10 of its levels.
You also visited: Sewer.

You collected 131 gold pieces.

Inventory:

Hand Weapons
 a - a +0 war axe (weapon)
 l - a cursed -3 short sword
 n - a +2 antimagic whip
 r - a +0 scythe
 u - the +3 flail of the Secret Runes {crush, Str+4 Int+2, unknown}
   (You found it on level 7 of the Dungeon)

   It inflicts extra damage upon your enemies.
   It affects your strength (+4).
   It affects your intelligence (+2).
 v - a +0 dagger
 w - a +2 hand axe of electrocution
Missiles
 d - 3 throwing nets (quivered)
 h - 2 silver tomahawks
Armour
 b - a +2 leather armour (worn)
 c - a +1 helmet (worn)
Jewellery
 m - an uncursed ring of positive energy
 s - an uncursed ring of poison resistance {unknown}
 y - an uncursed amulet of the acrobat
Wands
 j - a wand of random effects (33)
Scrolls
 o - a scroll of enchant armour
 p - a scroll of remove curse {unknown}
 q - a scroll of enchant weapon {unknown}
Potions
 e - a potion of might
 g - 3 potions of berserk rage
 i - 4 potions of mutation
 k - a potion of lignification {unknown}
 t - a potion of curing
 x - a potion of brilliance
Comestibles
 f - 4 rations


   Skills:
 + Level 4.5 Fighting
 + Level 8.0 Axes
 + Level 1.8 Throwing
 + Level 2.9 Armour
 + Level 4.9 Dodging
 + Level 1.3 Stealth


You had 7 spell levels left.
You didn't know any spells.
Your spell library contained the following spells:

 Spells                   Type           Power        Failure   Level  Hunger
 Beastly Appendage        Tmut           #.....       43%         1    ##.....
 Sticks to Snakes         Tmut           #.......     58%         2    ###....
 Spider Form              Tmut/Pois      #.........   82%         3    ####...
 Ice Form                 Ice/Tmut       #.......     99%         4    #####..
 Blade Hands              Tmut           #.........   100%        5    ######.


Dungeon Overview and Level Annotations

Branches:
Dungeon (9/15)             Temple (1/1) D:4
   Lair: D:8-11         Orc: D:9-12

Altars:
Ashenzari
Cheibriados
Dithmenos
Elyvilon
Makhleb
Nemelex Xobeh
Okawaru
Qazlal
Ru
Sif Muna
Trog
Xom
Yredelemnul
The Shining One

Annotations:
D:9 Joseph


Innate Abilities, Weirdness & Mutations

You have very sharp fingernails.
You are surrounded by a mild repulsion field. (EV +2)
You sometimes gain a little power by taking damage.
You are partially covered in sharp spines.
You have large cloven feet.
You evolve.


Message History

* * * LOW HITPOINT WARNING * * *
The crimson imp closely misses you.
You hit Joseph.
Joseph is lightly wounded.
You barely miss the crimson imp. Something hits you but does no damage.
Joseph misses you.
The crimson imp blinks!
You slash Joseph! You kick Joseph, but do no damage.
Joseph is moderately wounded.
Something hits you.
* * * LOW HITPOINT WARNING * * *
Joseph is struck by your spines. Joseph barely misses you.
You completely miss Joseph. You kick Joseph.
Joseph is heavily wounded.
Something hits you.
* * * LOW HITPOINT WARNING * * *
Joseph is struck by your spines. Joseph barely misses you.
You slash Joseph!
Joseph is severely wounded.
You miss something. Something hits you.
You die...

. ..
###############...
..................
......@@{(........
.$..5......(...###
.......###'##..#
.......#....# .#
.......#....# +
##.....#....#..#
#.....#....#..#
#.....#....#..+
##....#..# .


You could see Joseph and a crimson imp.

Vanquished Creatures
  A hippogriff (D:8)
  Sigmund (D:6)
  A hungry ghost (D:8)
  Duvessa (D:7)
  A phantom (D:6)
  A centaur (D:5)
  The ghost of NochnoyZador the Sneak, an amateur OpAs (D:3)
  A big kobold (D:5)
  A scorpion (D:5)
  Dowan (D:7)
  A jelly (D:6)
  An orc priest (D:7)
  A bullfrog skeleton (D:5)
  3 hounds
  An iguana (D:4)
  3 worker ants
  A hound skeleton (D:5)
  A howler monkey zombie (D:6)
  4 gnolls (D:3)
  A howler monkey skeleton (D:6)
  13 adders
  2 shadow imps
  An ooze (D:5)
  An adder zombie (D:6)
  4 worms
  An adder skeleton (D:4)
  4 dart slugs
  2 leopard geckos
  10 orcs
  3 giant cockroaches
  7 goblins
  7 hobgoblins
  10 jackals
  3 quokkas
  2 bats
  3 frilled lizards
  A jackal zombie (D:5)
  25 kobolds
  4 rats (D:3)
  3 fungi (D:2)
  13 plants (D:5)
146 creatures vanquished.

Notes
Turn   | Place    | Note
-------+----------+-------------------------------------------
     0 | D:1      | cyphergrl the Demonspawn Gladiator began the quest for the
                  | Orb.
     0 | D:1      | Reached XP level 1. HP: 16/16 MP: 1/1
   139 | D:1      | Gained mutation: You are partially covered in sharp spines.
                  | [demonic ancestry]
   139 | D:1      | Reached XP level 2. HP: 17/22 MP: 2/2
   290 | D:1      | Reached skill level 3 in Axes
   440 | D:2      | Found a white marble altar of Elyvilon.
   636 | D:2      | Gained mutation: You sometimes gain a little power by
                  | taking damage. [demonic ancestry]
   636 | D:2      | Reached XP level 3. HP: 19/28 MP: 3/3
   926 | D:3      | Gained mutation: You have sharp fingernails. [demonic
                  | ancestry]
   926 | D:3      | Reached XP level 4. HP: 29/34 MP: 4/4
   947 | D:3      | Found a runed door.
   947 | D:3      | Noticed NochnoyZador's ghost (amateur OpAs)
   968 | D:3      | Killed NochnoyZador's ghost
   968 | D:3      | Reached skill level 4 in Axes
   968 | D:3      | Reached skill level 1 in Armour
   968 | D:3      | Gained mutation: You have very sharp fingernails. [demonic
                  | ancestry]
   968 | D:3      | Reached XP level 5. HP: 30/39 MP: 5/5
  1338 | D:3      | Found a glowing drain.
  1345 | Sewer    | Entered a sewer
  1472 | D:3      | Reached XP level 6. HP: 31/47 MP: 6/6
  1558 | D:4      | Found a staircase to the Ecumenical Temple.
  1604 | Temple   | Entered the Ecumenical Temple
  1704 | Temple   | Became a worshipper of Makhleb the Destroyer
  1773 | D:5      | Entered Level 5 of the Dungeon
  1782 | D:5      | Reached skill level 5 in Axes
  1802 | D:5      | Found a glowing golden altar of the Shining One.
  1925 | D:5      | Gained mutation: You are surrounded by a mild repulsion
                  | field. (EV +2) [demonic ancestry]
  1925 | D:5      | Reached XP level 7. HP: 32/52 MP: 7/7
  2097 | D:5      | Reached * piety under Makhleb
  2354 | D:5      | Found a shattered altar of Ashenzari.
  2563 | D:5      | Reached skill level 6 in Axes
  2648 | D:5      | Found a stormy altar of Qazlal.
  2892 | D:6      | Noticed Sigmund
  2909 | D:6      | Killed Sigmund
  2909 | D:6      | Reached skill level 1 in Stealth
  3017 | D:6      | Reached XP level 8. HP: 48/60 MP: 8/8
  3090 | D:7      | Reached skill level 7 in Axes
  3110 | D:7      | Got a translucent flail
  3185 | D:7      | Gained mutation: You evolve. [potion of mutation]
  3185 | D:7      | Gained mutation: You have large cloven feet. [potion of
                  | mutation]
  3217 | D:7      | Reached ** piety under Makhleb
  3242 | D:7      | Found a shadowy altar of Dithmenos.
  3251 | D:7      | Noticed Duvessa
  3253 | D:7      | Noticed Dowan
  3259 | D:7      | Killed Dowan
  3275 | D:7      | Killed Duvessa
  3396 | D:8      | Noticed a hippogriff
  3406 | D:8      | Killed a hippogriff
  3480 | D:8      | Found a snail-covered altar of Cheibriados.
  3530 | D:8      | Reached skill level 8 in Axes
  3561 | D:9      | Noticed Joseph
  3573 | D:9      | Slain by an unseen horror

Skill      XL: |  1  2  3  4  5  6  7  8 |
---------------+-------------------------+-----
Axes           | 3 4 5 6 8 |  8.0
Dodging        | 3 4 |  4.9
Armour         | 1 2 |  2.9
Fighting       | 3 4 |  4.5
Stealth        | 1 |  1.3
Throwing       | |  1.8

Action                   |  1- 3 |  4- 6 |  7- 9 || total
-------------------------+-------+-------+-------++-------
Melee: War axe           |    91 |    96 |   335 ||   522
       Kick              |       |       |    16 ||    16
  Use: Scroll            |     2 |     7 |     1 ||    10
       Potion            |       |     3 |     5 ||     8
  Eat: Ration            |       |     1 |     3 ||     4
Armor: Leather armour    |    23 |    44 |    41 ||   108
Dodge: Dodged            |    47 |   103 |   132 ||   282
